 Dungeon Crawl Stone Soup version 0.26.1-11-gd32895ea62 (webtiles) character file.

Game seed: 5246303031194996102

485 buriedalive the Chiller (level 6, -16/32 HPs)
             Began as a Deep Elf Ice Elementalist on June 9, 2021.
             Shot with an arrow by a centaur (17 damage)
             ... on level 5 of the Dungeon.
             The game lasted 00:15:24 (5383 turns).

buriedalive the Chiller (Deep Elf Ice Elementalist) Turns: 5383, Time: 00:15:25

Health: -16/32     AC:  6    Str:  4 (5)  XL:     6   Next: 88%
Magic:  5/12       EV: 14    Int: 20 (22) God:
Gold:   227        SH:  0    Dex: 13 (15) Spells: 4/11 levels left

rFire    . . .     SeeInvis .   l - -1 whip (curse)
rCold    + . .     Faith    .   (no shield)
rNeg     + . .     Spirit   .   n - +1 leather armour {rC+}
rPois    .         Reflect  .   (no helmet)
rElec    .         Harm     .   k - +0 cloak
rCorr    +         Rampage  .   (no gloves)
Will     .....                  i - +0 pair of boots
Stlth    ++........             (no amulet)
HPRegen  0.10/turn              q - ring of resist corrosion
MPRegen  0.13/turn              v - ring of positive energy

@: about to teleport
A: no striking features
a: no special abilities


You were on level 5 of the Dungeon.
You visited 1 branch of the dungeon, and saw 5 of its levels.

You collected 227 gold pieces.

Inventory:

Hand Weapons
 c - a +0 dagger
 l - a cursed -1 whip (weapon)
 o - a +4 quarterstaff of chaos
Missiles
 b - 249 stones
 u - 8 curare-tipped darts
Armour
 a - a +0 robe
 i - a +0 pair of boots (worn)
 k - a +0 cloak (worn)
 n - a +1 leather armour of cold resistance (worn)
Jewellery
 q - a ring of resist corrosion (left hand)
 t - the ring "Inluxoeh" {rF+ rN+ MP+9 Str+6, unknown}
   (You found it on level 4 of the Dungeon)

   [ring of magical power]

   It affects your strength (+6).
   It protects you from fire.
   It protects you from negative energy.
   It affects your magic capacity (+9).
 v - a ring of positive energy (right hand)
 x - an uncursed ring of ice {unknown}
Wands
 f - a wand of acid (7)
Scrolls
 j - a scroll of brand weapon {unknown}
Potions
 g - 3 potions of haste
 m - a potion of attraction
 p - a potion of invisibility


   Skills:
 + Level 6.6 Dodging
 - Level 2.4 Stealth
 - Level 3.0 Spellcasting
 + Level 7.1 Ice Magic


You had 4 spell levels left.
You knew the following spells:

 Your Spells              Type           Power        Failure   Level
a - Freeze                Ice            100%         1%          1
b - Frozen Ramparts       Ice            62%          4%          3
c - Ozocubu's Armour      Ice            31%          4%          3

Your spell library contained the following spells:

 Spells                   Type           Power        Failure   Level
 Ensorcelled Hibernation  Hex/Ice        34%          9%          2
 Animate Skeleton         Necr           6%           26%         1
 Corona                   Hex            3%           26%         1
 Pain                     Necr           12%          26%         1
 Hailstorm                Conj/Ice       17%          50%         4
 Summon Ice Beast         Ice/Summ       17%          50%         4
 Confusing Touch          Hex            3%           58%         3
 Dazzling Flash           Conj/Hex       6%           58%         3
 Tukima's Dance           Hex            3%           58%         3
 Vampiric Draining        Necr           1%           58%         3
 Animate Dead             Necr           1%           94%         4
 Agony                    Necr           3%           100%        5


Dungeon Overview and Level Annotations

Branches:
Dungeon (5/15)
 Temple: D:4-7

Altars:
Hepliaklqana
Uskayaw
Vehumet

Shops:
D:4 (   D:5 :


Message History

You feel less wooden.
Your +0 cloak unmelds from your body.
Your +0 pair of boots unmelds from your body.
Your +1 leather armour of cold resistance unmelds from your body.
You feel resistant to cold.
You feel a little less clever now. The centaur barely misses you.
The ice beast hits you but does no damage.
The lemure closely misses you.
As you read the scroll of teleportation, it crumbles to dust.
You feel strangely unstable.
The centaur hits you but does no damage.
The ice beast misses you. The centaur hits you.
* * * LOW HITPOINT WARNING * * *
The lemure closely misses you.
Unknown command.
The centaur wields a +0 shortbow.
The centaur shoots an arrow.
The arrow hits you!
Ouch! That really hurt!
You die...

..................#......
##..###...##...####.##..#
######...##...#######..#
#.......................
#.......................
#.......................
######Yc###...####.####.
.###..##..###...####.####.
.......5.@.#..............
..........#...∩.>........
..........#..............
.##.5##..##'#############
.######..######.##(..##...##.
.....................)#...†..
......................#......
..........(...........#......
........5.............#......


You could see an ice beast, 2 lemures and a centaur.

Vanquished Creatures
  A sky beast (D:5)
  An ogre (D:4)
  A lemure (D:5)
  A hound (D:5)
  2 iguanas
  Crazy Yiuf (D:2)
  13 adders
  3 worms
  3 dart slugs
  3 orcs
  5 bats
  7 hobgoblins
  5 jackals
  A quokka (D:3)
  2 ball pythons
  4 frilled lizards
  8 goblins
  13 kobolds
  A leopard gecko skeleton (D:5)
  10 rats
85 creatures vanquished.

Notes
Turn   | Place    | Note
-------+----------+-------------------------------------------
     0 | D:1      | buriedalive the Deep Elf Ice Elementalist began the quest
                  | for the Orb.
     0 | D:1      | Reached XP level 1. HP: 10/10 MP: 6/6
   399 | D:1      | Reached XP level 2. HP: 15/15 MP: 5/8
   918 | D:1      | Reached skill level 5 in Ice Magic
   918 | D:1      | Reached XP level 3. HP: 15/19 MP: 6/9
   950 | D:1      | Learned a level 3 spell: Frozen Ramparts
   954 | D:1      | Learned a level 3 spell: Ozocubu's Armour
  1447 | D:2      | Found a radiant altar of Vehumet.
  1471 | D:2      | Reached XP level 4. HP: 18/24 MP: 4/10
  2839 | D:2      | Reached XP level 5. HP: 27/28 MP: 8/11
  3050 | D:2      | Found a runed translucent door.
  3051 | D:2      | Noticed Crazy Yiuf
  3059 | D:2      | Killed Crazy Yiuf
  3060 | D:2      | Reached skill level 5 in Dodging
  3302 | D:3      | Found a faded altar of an unknown god.
  3373 | D:3      | Reached skill level 6 in Ice Magic
  3433 | D:3      | Noticed a phantom
  3580 | D:3      | Found a hide-covered altar of Uskayaw.
  3681 | D:3      | You fall into a shaft and drop 2 floors!
  3681 | D:5      | Entered Level 5 of the Dungeon
  3683 | D:5      | Noticed a centaur
  3684 | D:5      | Noticed an ice beast
  3688 | D:5      | Found Qomiru's Book Emporium.
  3723 | D:5      | Noticed a sky beast
  3732 | D:5      | Killed a sky beast
  3733 | D:5      | Reached XP level 6. HP: 32/32 MP: 5/12
  4328 | D:3      | Found a hazy altar of Hepliaklqana.
  4870 | D:4      | Found Ixeruam's Antique Weapon Emporium.
  4885 | D:4      | Got a coiled ivory ring
  5016 | D:5      | Reached skill level 7 in Ice Magic
  5382 | D:5      | HP: 1/32 [centaur (4)]
  5383 | D:5      | Shot with an arrow by a centaur

Illustrated notes

Levels and vault maps discovered:
D:1:      minmay_arrival_semitransparent, layout_basic,
          minmay_shallow_snake_nest
D:2:      layout_loops_corners, overflow_temple_1_default,
          uniq_crazy_yiuf_cottage
D:3:      layout_basic, nzn_hepliaklqana_mist_gate, lemuel_crystal_altar,
          chequers_ecumenical_altar_simple_redux, serial_park_tiny_pond
D:4:      layout_loops_cross, serial_shops, nicolae_shop_statue_plus
D:5:      layout_gridville, enter_ossuary_5, serial_shops, shop, uniq_pikel

Skill      XL: |  1  2  3  4  5  6 |
---------------+-------------------+-----
Dodging        | 3 4 5 6 |  6.6
Ice Magic      | 5 6 7 |  7.1
Stealth        | |  2.4
Spellcasting   | |  3.0

Action                   |  1- 3 |  4- 6 || total
-------------------------+-------+-------++-------
Melee: Dagger            |    22 |     5 ||    27
       Whip              |       |   117 ||   117
 Cast: Freeze            |    40 |    55 ||    95
       Frozen Ramparts   |       |    13 ||    13
       Ozocubu's Armour  |       |    12 ||    12
Evoke: Wand              |       |     1 ||     1
  Use: Scroll            |       |    13 ||    13
       Potion            |       |     7 ||     7
 Stab: Sleeping          |     8 |     6 ||    14
Armor: Robe              |    14 |     5 ||    19
       Leather armour    |       |    36 ||    36
       Skin              |       |     6 ||     6
Dodge: Dodged            |    41 |   135 ||   176
